 Dungeon Sprint DCSS version 0.31-a0-702-gf82c85558f (webtiles) character file.

Game seed: 1367240996559204022

310079 jt the Skinwalker (level 14, 126/126 HPs)
             Began as a Vine Stalker Shapeshifter on Sept 8, 2023.
             Was an Initiate of Gozag.
             Escaped with the Orb!
             The game lasted 00:25:00 (2719 turns).

jt the Skinwalker (Vine Stalker Shapeshifter)       Turns: 2719, Time: 00:25:01

Health: 126/126    AC: 16    Str: 33    XL:     14   Next: 80%
Magic:  30/30      EV: 11    Int: 16    God:    Gozag
Gold:   6032       SH:  0    Dex: 18    Spells: 18/22 levels left

rFire   + +          .
                       - Unarmed
rCold   + . .        h - melded +0 buckler "Gucrowo" {rCorr Int+2 Dex+2}
rNeg    . . .        R - melded +2 plate armour {rF+}
rPois   +            I - melded +1 hat {Stlth+}
rElec   +            X - melded +0 cloak
rCorr   +            Y - melded +0 pair of fencer's gloves {Riposte Dex+3}
SInv    +            x - melded +2 pair of boots {rampage}
Will    +....        b - amulet of Ableosac {rC+ Regen+ Dex+3}
Stlth   ++           F - ring of Mul Xuut {rElec rCorr Int+6 Dex-3}
HPRegen 2.01/turn    v - ring "Pewulat" {rC+ MP+9 Str+3 SInv}
MPRegen 0.22/turn

%: no teleportation, random rage (3%), guardian spirit
@: dragon-form, gold aura, flying, bribing [the Dungeon]
A: dragon claw, dragon scales, breathe fire, flying, boosted hp, giant, (fangs
3), regeneration 1, magic shield, (antimagic bite), no potion heal 2, thin
skeletal structure 1, berserk 1, mutation resistance 1
0: Orb of Zot
a: Breathe Fire, Begin Untransformation, Renounce Religion, Potion Petition,
Call Merchant, Bribe Branch


You escaped.
You worshipped Gozag.
Gozag was greatly pleased with you.
You were a fearsome dragon!
You visited 1 branch You collected 14332 gold pieces.
You spent 2746 gold pieces at shops.
You paid 5554 gold pieces to Gozag.

Inventory:

Hand Weapons
 f - a +0 arbalest
 G - the +3 mace "Ydwuek" {speed, rF+ Will+}
   (You found it in the Dungeon)

   rF+:       It protects you from fire.
   Will+:     It increases your willpower.
 V - the +7 battleaxe "Otwozao" {heavy, rPois Int-5 Dex+8 SInv}
   (You found it in the Dungeon)

   Int-5:     It affects your intelligence (-5).
   Dex+8:     It affects your dexterity (+8).
   rPois:     It protects you from poison SInv: It lets you see invisible.
Missiles
 W - 4 curare-tipped darts
Armour
 h - the +0 buckler "Gucrowo" (melded) {rCorr Int+2 Dex+2}
   (You bought it in a shop in the Dungeon)

   Int+2:     It affects your intelligence (+2).
   Dex+2:     It affects your dexterity (+2).
   rCorr:     It protects you from acid and corrosion.
 x - a +2 pair of boots of rampaging (melded)
 I - a +1 hat of stealth (melded)
 J - the +15 Maxwell's patent armour {-Cast -Tele rElec Will+ rCorr}
   (You found it in the Dungeon)

   rElec:     It insulates you from electricity.
   Will+:     It increases your willpower.
   -Cast:     It prevents spellcasting.
   -Tele:     It prevents most forms of teleportation.
   rCorr:     It protects you from acid and corrosion.
 R - a +2 plate armour of fire resistance (melded)
 X - a +0 cloak (melded)
 Y - the +0 pair of fencer's gloves (melded) {Riposte Dex+3}
   (You acquired it in the Dungeon)

   Riposte:   It allows the wearer to riposte with melee weapons, swiftly
   retaliating against missed or blocked melee attacks.
   Dex+3:     It affects your dexterity (+3).
Magical Staves
 A - a staff of cold
 U - the staff of Extermination {rElec rPois rF- Dex+5 Poison}
   (You found it in the Dungeon)

   [staff of poison]

   Base accuracy: +5 Base damage: 5 Base attack delay: 1.2 This weapon's minimum
   attack delay (0.6) is reached at skill level 12.
   Dex+5:     It affects your dexterity (+5).
   rF-:       It makes you vulnerable to fire.
   rElec:     It insulates you from electricity.
   rPois:     It protects you from poison Poison: It increases the power of your
   Poison spells.
   It falls into the 'Staves' category.
   It is a one-handed weapon.
 Z - the staff of Recklessness {+Blink rF+ Str+3 Int+3 Dex-4 Fire}
   (You found it in the Dungeon)

   [staff of fire]

   Base accuracy: +5 Base damage: 5 Base attack delay: 1.2 This weapon's minimum
   attack delay (0.6) is reached at skill level 12.
   Str+3:     It affects your strength (+3).
   Int+3:     It affects your intelligence (+3).
   Dex-4:     It affects your dexterity (-4).
   rF+:       It protects you from fire.
   +Blink:    It lets you blink.
   Fire:      It increases the power of your Fire spells.
   It falls into the 'Staves' category.
   It is a one-handed weapon.
Jewellery
 b - the amulet of Ableosac (around neck) {rC+ Regen+ Dex+3}
   (You bought it in a shop in the Dungeon)

   [amulet of regeneration]

   Dex+3:     It affects your dexterity (+3).
   rC+:       It protects you from cold.
   Regen+:    It increases your rate of health regeneration.
 v - the ring "Pewulat" (right foreclaw) {rC+ MP+9 Str+3 SInv}
   (You acquired it in the Dungeon)

   [ring of protection from cold]

   Str+3:     It affects your strength (+3).
   rC+:       It protects you from cold.
   MP+9:      It affects your magic capacity (+9).
   SInv:      It lets you see invisible.
 F - the ring of Mul Xuut (left foreclaw) {rElec rCorr Int+6 Dex-3}
   (You bought it in a shop in the Dungeon)

   [ring of intelligence]

   Int+6:     It affects your intelligence (+6).
   Dex-3:     It affects your dexterity (-3).
   rElec:     It insulates you from electricity.
   rCorr:     It protects you from acid and corrosion.
 L - a +5 ring of evasion
 S - a +6 ring of dexterity
 T - the brooch of Shielding {Spirit SH+8}
   (You found it in the Dungeon)

   [amulet of guardian spirit]

   Spirit:    It causes incoming damage to be divided between your reserves of
   health and magic.
   SH+8:      It affects your SH (+8).
Talismans
 c - a beast talisman
 d - a flux talisman
 i - a talisman of death
 D - a dragon-blood talisman (active)
Wands
 N - a wand of iceblast (1)
 O - a wand of paralysis (5)
 P - a wand of flame (7)
 Q - a wand of quicksilver (2)
Scrolls
 j - a scroll of fog
 k - 2 scrolls of butterflies
 m - a scroll of amnesia
 s - 4 scrolls of brand weapon
 u - a scroll of fear
 y - a scroll of enchant weapon
 B - a scroll of immolation
 C - 2 scrolls of vulnerability
Potions
 a - a potion of might
 e - 4 potions of curing
 g - 22 potions of magic
 l - 3 potions of attraction
 p - a potion of haste
 q - 2 potions of resistance
 r - 12 potions of enlightenment
 t - 3 potions of invisibility
 z - 31 potions of mutation
 H - a potion of lignification
Miscellaneous
 w - a phantom mirror
 E - a phial of floods
 K - a sack of spiders
 M - a tin of tremorstones (2/2)


   Skills:
 - Level 14.0 Fighting
 - Level 7.3 Dodging
 + Level 6.0 Stealth
 - Level 6.0 Shields
 - Level 15.3 Unarmed Combat
 - Level 4.5 Spellcasting
 - Level 4.6 Transmutations
 - Level 4.6 Earth Magic
 + Level 11.4 Evocations
 + Level 22.9 Shapeshifting


You had 18 spell levels left.
You knew the following spells:

 Your Spells              Type           Power      Damage    Failure   Level
a - Passwall              Tmut/Erth      15%        N/A       3%          2
b - Wereblood             Tmut           18%        N/A       3%          2

Your spell library contained the following spells:

 Spells                   Type           Power      Damage    Failure   Level
 Sandblast                Erth           36%        2d10      2%          1
 Shock                    Conj/Air       12%        1d3       16%         1
 Stone Arrow              Conj/Erth      22%        3d8       19%         3
 Cigotuvi's Dreadful Rot  Necr/Pois/Air  6%         N/A       24%         2
 Momentum Strike          Conj/Tloc      6%         3d8       24%         2
 Sublimation of Blood     Necr           3%         N/A       24%         2
 Petrify                  Tmut/Erth      18%        N/A       24%         4
 Swiftness                Air            3%         N/A       43%         3
 Animate Armour           Summ/Erth      22%        N/A       52%         4
 Airstrike                Air            1%         2d(1-17)  85%         4
 Anguish                  Hex/Necr       1%         N/A       85%         4
 Cause Fear               Hex            1%         N/A       85%         4
 Dispel Undead            Necr           3%         3d7       85%         4
 Passage of Golubria      Tloc           3%         N/A       85%         4
 Summon Lightning Spire   Summ/Air       3%         N/A       85%         4
 Alistair's Intoxication  Tmut/Pois      7%         N/A       86%         5
 Borgnjor's Vile Clutch   Necr/Erth      5%         N/A       86%         5
 Irradiate                Conj/Tmut      5%         3d13      86%         5
 Fireball                 Conj/Fire      1%         3d3       99%         5
 Iskenderun's Battlesphe  Conj           3%         2d6       99%         5
 Conjure Ball Lightning   Conj/Air       1%         3x3d6     100%        6
 Death Channel            Necr           1%         N/A       100%        6
 Dispersal                Tloc           1%         N/A       100%        6
 Leda's Unmaking          Conj/Erth      5%         9d2       100%        6
 Enfeeble                 Hex            1%         N/A       100%        7
 Haunt                    Necr/Summ      1%         N/A       100%        7
 Orb of Destruction       Conj           1%         9d5       100%        7
 Spellforged Servitor     Conj/Summ      1%         N/A       100%        7
 Summon Hydra             Summ           1%         N/A       100%        7
 Animate Dead             Necr           Unusable   N/A       N/A         4

Dungeon Overview and Level Annotations

Branches:
Dungeon (1/1)

Altars:
Cheibriados
Dithmenos
Elyvilon
Fedhas
Gozag
Hepliaklqana
Kikubaaqudgha
Makhleb
Nemelex Xobeh
Okawaru
Qazlal
Ru
Sif Muna
Trog
Uskayaw
Vehumet
Wu Jian
Xom
Yredelemnul
Zin
The Shining One
Jiyva
Lugonu

Shops:
D [(:!**:[=[[=!*=?(:?=!

Annotations:
D exclusions: oklob plant and orange crystal statue


Innate Abilities, Weirdness & Mutations

You are a fearsome dragon!
You have a powerful clawing attack.
Your giant scaled body is strong and resilient, but less evasive.
You can breathe fire.
You are flying.
Your maximum health is greatly increased.
Your armour is entirely melded.
You are incapable of wielding weapons or throwing items.
((You have razor-sharp teeth.))
Your natural rate of healing is unusually fast.
When hurt, damage is shared between your health and your magic reserves.
((Your bite disrupts and absorbs the magic of your enemies.))
Potions cannot restore your health.
You have a somewhat thin skeletal structure. (Dex +2, Stealth+)
You sometimes lose your temper in combat.
You are somewhat resistant to further mutation.


Message History

Murray stares, then turns away, jangling a coin purse.
Murray the Demonic Talking Skull comes into view.
You see here the Orb of Zot.
You pick up the Orb of Zot!
The Orb lets out a hideous shriek!
The lords of Pandemonium are not amused.
Beware!
Now all you have to do is get back out of the dungeon!
You swap places.
You hear a shout!
You swap places.
You swap places.
There is an open door here.
There is a large open door here.
There is a huge open gate here.
Your extra speed is starting to run out.
You see here 2 stones.
You feel yourself slow down.
You see here a +1 dagger of venom.
You see here a +0 short sword.
There is an open door, spattered with blood here.
There is a fountain of blood here.
There is a fountain of blood here.
There is an entrance to Fitaus's Jewellery Emporium here.
There is an open door, spattered with blood here.
The great orb of eyes is engulfed in a cloud of scalding steam.
The great orb of eyes is engulfed in a cloud of scalding steam.
There is an open door here.
A chaos spawn comes into view.
The chaos spawn bellows!
The chaos spawn hits you but does no damage.
There is an open door, spattered with blood here.
You maul the chaos spawn!!!
You kill the chaos spawn!
The chaos spawn degenerates into a cloud of primal chaos!
Your Stealth skill increases to level 6!
No target in view!
You are engulfed in seething chaos.
You see here 189 gold pieces.
A smoke demon comes into view.
There is a staircase leading out of the dungeon here.
You have escaped!

##########~~#+++#+++#####....#.##
#########~~~.........#!.'..^.#..#
.......∩#~~~~.##'##..#..####.#..#
∩.....∩.#~~~~##.#3##.####..'.##.#
.∩...∩.∩#~~~~#..#..#....#..#...##
∩.∩.∩.∩.#~~####.#.####..#####..##
.∩.∩.∩..#~##.###'###.##..#..'..#.
..∩.....#~#...##.##.#.#..#..#..#.
...⌠....'~'##.'.D$'###'..####..##
........#~#.####.##.#.#....###...
▓▓▓▓▓▓###~##.###'###.##......~~~~
)l{######~~####...####~~.....~#'#
?{l#s,+,##~~~#..#..#~~~~~~~..§#..
∩Pl+)s*+*#'#~##.*.##~~~~~§~~§~#..
(?.#s#*,*#.#~~##+##~~~≈§≈~~~~~#..
!.$*##.,,####~§§~~~~~~§§§≈§~~~#..
*+**#...,,*,#§§§#'''#~§§§≈§§§~#._


You could see a smoke demon.

Vanquished Creatures
  A hellephant (D)
  An electric golem (D)
  2 quicksilver dragons (D)
  A deep elf blademaster (D)
  A kraken (D)
  Gastronok (D)
  A draconian shifter (D)
  A lorocyproca (D)
  A dire elephant (D)
  An iron golem (D)
  A crystal guardian (D)
  2 boulder beetles (D)
  2 hell hogs (D)
  Sonja (D)
  3 sixfirhies (D)
  2 deep trolls (D)
  2 death drakes (D)
  A glowing orange brain (D)
  A harpy (D)
  An obsidian statue (D)
  3 orc sorcerers (D)
  14 shining eyes (D)
  3 manticores (D)
  A toenail golem (D)
  2 cane toads (D)
  An eye of devastation (D)
  A yaktaur (D)
  3 polar bears (D)
  A hornet (D)
  A slime creature (D)
  6 flying skulls (D)
  2 wyverns (D)
  3 yaks (D)
  A chaos spawn (D)
  4 water moccasins (D)
  Menkaure (D)
  10 floating eyes (D)
  2 swamp drakes (D)
  A black bear (D)
  A scorpion (D)
  4 necrophages (D)
  2 earth elementals (D)
  9 electric eels (D)
  A jelly (D)
  4 orc priests (D)
  3 worms (D)
  3 tentacles (D)
114 creatures vanquished.

Vanquished Creatures (collateral kills)
  A quicksilver dragon (D)
  An iron elemental (D)
  A shining eye (D)
  A slime creature (D)
  2 black bears (D)
  A ballistomycete spore (D)
7 creatures vanquished.

Vanquished Creatures (others)
  A curse toe (D)
  Murray (D)
  A lorocyproca (D)
  A water moccasin (D)
  A ballistomycete spore (D)
  23 tentacles (D)
28 creatures vanquished.

Grand Total: 149 creatures vanquished

Notes
Turn   | Place    | Note
-------+----------+-------------------------------------------
     0 | D        | jt the Vine Stalker Shapeshifter began the quest for the
                  | Orb.
     0 | D        | Reached XP level 1. HP: 9/9 MP: 2/2
     1 | D        | Noticed a boulder beetle
     1 | D        | Noticed a boulder beetle
     4 | D        | Noticed a wyvern
     4 | D        | Noticed a wyvern
    12 | D        | Killed a wyvern
    13 | D        | Reached skill level 5 in Fighting
    13 | D        | Reached skill level 6 in Shapeshifting
    13 | D        | Reached XP level 2. HP: 18/18 MP: 1/3
    13 | D        | Reached XP level 3. HP: 23/23 MP: 1/4
    13 | D        | Reached XP level 4. HP: 27/27 MP: 1/5
    13 | D        | Reached XP level 5. HP: 30/30 MP: 1/6
    14 | D        | Killed a wyvern
    15 | D        | Reached skill level 7 in Shapeshifting
    15 | D        | Reached XP level 6. HP: 37/37 MP: 1/7
   102 | D        | Reached skill level 8 in Shapeshifting
   108 | D        | Reached XP level 7. HP: 16/42 MP: 5/8
   164 | D        | Found Hikachita's Jewellery Emporium.
   164 | D        | Found Deudidd's Jewellery Shoppe.
   164 | D        | Found Odeakkel's Assorted Antiques.
   164 | D        | Found Rotankug's Antique Armour Shoppe.
   164 | D        | Found Dionn's Magic Scroll Emporium.
   164 | D        | Found Buinkat's Armour Shoppe.
   164 | D        | Found Ohun's Distillery.
   164 | D        | Found Jegauh's Jewellery Shoppe.
   164 | D        | Noticed Menkaure
   169 | D        | Found Otidgh's Antique Armour Shoppe.
   169 | D        | Found Sodgheps's Book Emporium.
   169 | D        | Noticed a wyvern
   169 | D        | Noticed a wyvern
   170 | D        | Found Xeholin's Assorted Antiques.
   170 | D        | Found Puup's Distillery.
   170 | D        | Noticed a wyvern
   170 | D        | Noticed an oklob plant
   171 | D        | Killed Menkaure
   177 | D        | Reached skill level 9 in Shapeshifting
   177 | D        | Found Volyryrr's Antique Weapon Shoppe.
   177 | D        | Found Otigg's Antique Armour Emporium.
   177 | D        | Found Officoes's Book Shoppe.
   181 | D        | Bought a sparkling bone amulet for 125 gold pieces
   181 | D        | Identified the amulet of Ableosac {rC+ Regen+ Dex+3} (You
                  | bought it in a shop in the Dungeon)
   186 | D        | Bought a scroll labelled REMANN VEFO for 25 gold pieces
   186 | D        | Bought a scroll labelled IRGHUS LOESH for 25 gold pieces
   192 | D        | Noticed a redback
   194 | D        | Noticed a redback
   195 | D        | Bought a scroll labelled YSEQUTWAUXA for 31 gold pieces
   195 | D        | Bought a golden potion for 27 gold pieces
   195 | D        | Bought a viscous inky potion for 27 gold pieces
   195 | D        | Bought a golden potion for 27 gold pieces
   211 | D        | Bought a scroll of identify for 26 gold pieces
   211 | D        | Bought a scroll of butterflies for 52 gold pieces
   221 | D        | Bought a twisted buckler for 275 gold pieces
   221 | D        | Identified the +0 buckler "Gucrowo" {rCorr Int+2 Dex+2}
                  | (You bought it in a shop in the Dungeon)
   259 | D        | Found an opulent altar of Gozag.
   260 | D        | Found a blossoming altar of Fedhas.
   261 | D        | Found a white marble altar of Elyvilon.
   261 | D        | Found a burning altar of Makhleb.
   262 | D        | Found a shadowy altar of Dithmenos.
   262 | D        | Found a corrupted altar of Lugonu.
   263 | D        | Found a snail-covered altar of Cheibriados.
   263 | D        | Found an ancient bone altar of Kikubaaqudgha.
   263 | D        | Found a bloodstained altar of Trog.
   264 | D        | Found a viscous altar of Jiyva.
   264 | D        | Found a shimmering blue altar of Sif Muna.
   265 | D        | Found a hazy altar of Hepliaklqana.
   265 | D        | Found a sacrificial altar of Ru.
   266 | D        | Found a shimmering altar of Xom.
   267 | D        | Found a stormy altar of Qazlal.
   267 | D        | Found an ornate altar of the Wu Jian Council.
   267 | D        | Found a sparkling altar of Nemelex Xobeh.
   267 | D        | Found a hide-covered altar of Uskayaw.
   267 | D        | Found a basalt altar of Yredelemnul.
   267 | D        | Found a glowing golden altar of the Shining One.
   267 | D        | Noticed a hornet
   267 | D        | Noticed a polar bear
   268 | D        | Found a radiant altar of Vehumet.
   268 | D        | Found an iron altar of Okawaru.
   268 | D        | Found a glowing silver altar of Zin.
   268 | D        | Noticed a yaktaur
   268 | D        | Noticed a polar bear
   269 | D        | Noticed a polar bear
   275 | D        | Noticed an orange crystal statue
   275 | D        | Became a worshipper of Gozag Ym Sagoz the Greedy
   288 | D        | Gained mutation: You have a somewhat thin skeletal
                  | structure. (Dex +2, Stealth+) [potion of mutation]
   288 | D        | Gained mutation: You are somewhat resistant to further
                  | mutation. [potion of mutation]
   288 | D        | Gained mutation: You sometimes lose your temper in combat.
                  | [potion of mutation]
   296 | D        | Killed a polar bear
   297 | D        | Reached skill level 5 in Shields
   297 | D        | Gained mutation: You have razor-sharp teeth. [Vine Stalker
                  | growth]
   297 | D        | Reached XP level 8. HP: 22/48 MP: 7/9
   301 | D        | Killed a hornet
   302 | D        | Reached skill level 10 in Unarmed Combat
   304 | D        | Killed a polar bear
   304 | D        | Killed a yaktaur
   305 | D        | Reached skill level 10 in Shapeshifting
   339 | D        | Killed a polar bear
   340 | D        | Reached skill level 10 in Fighting
   340 | D        | Reached XP level 9. HP: 51/54 MP: 10/10
   373 | D        | Noticed a kraken
   630 | D        | Bought a dragon-blood talisman for 960 gold pieces
   865 | D        | Noticed a deep troll
   869 | D        | Noticed a deep troll
   874 | D        | Killed a deep troll
   875 | D        | Reached skill level 11 in Shapeshifting
   887 | D        | Killed a deep troll
   971 | D        | Bought the ring of Mul Xuut {rElec rCorr Int+6 Dex-3} for
                  | 640 gold pieces
   996 | D        | Reached XP level 10. HP: 47/62 MP: 7/11
  1000 | D        | Reached skill level 12 in Shapeshifting
  1025 | D        | Bought a book of Geomancy for 234 gold pieces
  1043 | D        | Noticed an ice statue
  1050 | D        | Found Muoloure's Weapon Boutique.
  1054 | D        | Learned a level 2 spell: Passwall
  1058 | D        | Found Giphoh's Book Shoppe.
  1100 | D        | Noticed a sixfirhy
  1100 | D        | Noticed a sixfirhy
  1100 | D        | Noticed a sixfirhy
  1104 | D        | Killed a sixfirhy
  1114 | D        | Killed a sixfirhy
  1122 | D        | Killed a sixfirhy
  1177 | D        | Identified the +3 mace "Ydwuek" {speed, rF+ Will+}
  1184 | D        | Found Isosamasegh's Assorted Antiques.
  1228 | D        | Noticed Gastronok
  1234 | D        | Killed Gastronok
  1235 | D        | Reached skill level 13 in Shapeshifting
  1245 | D        | Found the +15 Maxwell's patent armour {-Cast -Tele rElec
                  | Will+ rCorr}
  1245 | D        | Noticed a dire elephant
  1245 | D        | Noticed an orc sorcerer
  1245 | D        | Noticed an orc sorcerer
  1245 | D        | Noticed an orc sorcerer
  1246 | D        | Noticed an orange demon
  1246 | D        | Paralysed by an orc sorcerer for 4 turns
  1256 | D        | Killed a dire elephant
  1257 | D        | Reached XP level 11. HP: 52/67 MP: 9/18
  1259 | D        | Killed an orc sorcerer
  1260 | D        | Reached skill level 14 in Shapeshifting
  1261 | D        | Killed an orc sorcerer
  1264 | D        | Killed an orc sorcerer
  1294 | D        | Got Sif Muna's Handbook of the Boggart
  1295 | D        | Identified the +5 dagger of Avvu {flame, rF+ Dex+5}
  1308 | D        | Got Sif Muna's Atlas of Shadowy Enchantment
  1309 | D        | Identified the +0 hand axe of Saeshrus {spect, Str+4}
  1325 | D        | Identified 2 scrolls of acquirement
  1359 | D        | Learned a level 2 spell: Wereblood
  1366 | D        | Noticed an obsidian statue
  1374 | D        | Killed an obsidian statue
  1392 | D        | Reached skill level 5 in Dodging
  1397 | D        | Reached XP level 12. HP: 73/73 MP: 16/19
  1398 | D        | Reached skill level 15 in Shapeshifting
  1398 | D        | Reached XP level 13. HP: 77/77 MP: 16/20
  1410 | D        | Noticed a deep elf blademaster
  1425 | D        | Killed a deep elf blademaster
  1532 | D        | Found the brooch of Shielding {Spirit SH+8}
  1536 | D        | Reached skill level 15 in Unarmed Combat
  1536 | D        | Reached skill level 16 in Shapeshifting
  1537 | D        | Paralysed by a floating eye for 3 turns
  1545 | D        | Paralysed by a floating eye for 3 turns
  1553 | D        | Paralysed by a floating eye for 2 turns
  1558 | D        | Paralysed by a floating eye for 2 turns
  1569 | D        | Reached skill level 17 in Shapeshifting
  1584 | D        | Reached skill level 18 in Shapeshifting
  1614 | D        | Identified the staff of Extermination {rElec rPois rF-
                  | Dex+5 Poison}
  1629 | D        | Identified the +7 battleaxe "Otwozao" {heavy, rPois Int-5
                  | Dex+8 SInv}
  1656 | D        | Noticed a hellephant
  1656 | D        | Noticed Sonja
  1656 | D        | Noticed a purple draconian shifter
  1666 | D        | Killed a hellephant
  1667 | D        | Reached skill level 19 in Shapeshifting
  1671 | D        | Killed Sonja
  1672 | D        | Reached XP level 14. HP: 67/84 MP: 6/21
  1675 | D        | Killed a purple draconian shifter
  1677 | D        | Reached skill level 20 in Shapeshifting
  1750 | D        | Killed a kraken
  1792 | D        | Acquired the +0 pair of fencer's gloves {Riposte Dex+3}
  1792 | D        | Found the +0 pair of fencer's gloves {Riposte Dex+3}
  1798 | D        | Acquired the ring "Pewulat" {rC+ MP+9 Str+3 SInv}
  1911 | D        | Reached skill level 21 in Shapeshifting
  1925 | D        | Reached skill level 5 in Evocations
  2071 | D        | Noticed a deep elf master archer
  2099 | D        | Noticed a golden dragon
  2099 | D        | Noticed a curse toe
  2099 | D        | Noticed a vampire knight
  2099 | D        | Noticed an electric golem
  2117 | D        | Reached skill level 22 in Shapeshifting
  2158 | D        | Identified the staff of Recklessness {+Blink rF+ Str+3
                  | Int+3 Dex-4 Fire}
  2214 | D        | Killed an electric golem
  2226 | D        | Reached skill level 10 in Evocations
  2288 | D        | Got the Precepts of Points and Teratogeny
  2400 | D        | Bought a potion of might for 64 gold pieces
  2400 | D        | Bought a potion of curing for 48 gold pieces
  2400 | D        | Bought a potion of haste for 160 gold pieces
  2431 | D        | Noticed a lorocyproca
  2432 | D        | Killed a quicksilver dragon
  2465 | D        | Noticed a lorocyproca
  2472 | D        | Noticed a quicksilver dragon
  2476 | D        | Noticed a quicksilver dragon
  2476 | D        | Noticed a lorocyproca
  2480 | D        | Killed a quicksilver dragon
  2486 | D        | Killed a lorocyproca
  2488 | D        | Killed a quicksilver dragon
  2489 | D        | Reached skill level 5 in Stealth
  2613 | D        | Noticed Murray
  2616 | D        | Got the Orb of Zot
  2650 | D        | Killed a lorocyproca
  2666 | D        | Killed Murray
  2719 | D        | Escaped with the Orb!

Illustrated notes

Levels and vault maps discovered:
D:        the_violet_keep_of_menkaure [sprint2_stairs_cluster_1,
          sprint2_shoproom, sprint2_temple, sprint2_basic_supplies,
          sprint2_obstacle_7, sprint2_obstacle_4, sprint2_obstacle_1,
          sprint2_obstacle_2, sprint2_obstacle_3, sprint2_timed_cluster_1,
          sprint2_smallroom_cluster_1, sprint2_smallroom_final_cluster_1,
          sprint2_transparent_cluster_1, sprint2_second_timed_cluster_1,
          sprint2_sniper_area_1, sprint2_heavy_combat_area_1,
          sprint2_mutation_trap_area_1, sprint2_forest_area_1,
          sprint2_light_combat_area_1, sprint2_behind_water_1,
          sprint2_near_end_vault_1]

Skill      XL: |  1  2  3  4  5  6  7  8  9 10 11 12 13 14 |
---------------+-------------------------------------------+-----
Fighting       | 5 6 7 8 10 11 12 13 14 | 14.0
Dodging        | 2 3 5 7 |  7.3
Unarmed Combat | 6 7 9 11 12 13 14 15 | 15.3
Shapeshifting  | 6 7 8 9 10 11 13 14 15 19 22 | 22.9
Shields        | 5 6 |  6.0
Spellcasting   | 4 |  4.5
Transmutations | 4 |  4.6
Earth Magic    | 4 |  4.6
Evocations     | 11 | 11.4
Stealth        | 6 |  6.0

Action                     |  1- 3 |  4- 6 |  7- 9 | 10-12 | 13-15 || total
---------------------------+-------+-------+-------+-------+-------++-------
  Melee: Unarmed           |     6 |    22 |    58 |    45 |   164 ||   295
         Bite              |       |    10 |    23 |     6 |    39 ||    78
         Punch             |       |       |     1 |     3 |     6 ||    10
         Tailslap          |       |       |     1 |     9 |    25 ||    35
   Cast: Passwall          |       |       |       |     3 |       ||     3
 Invoke: Call Merchant     |       |       |       |       |     3 ||     3
         Bribe Branch      |       |       |       |       |     1 ||     1
Ability: Breathe Fire      |       |       |     4 |     6 |     8 ||    18
  Evoke: Phial of floods   |       |       |       |     1 |       ||     1
         Wand              |       |       |       |       |     4 ||     4
    Use: Potion            |     2 |       |     2 |     5 |     2 ||    11
         Scroll            |       |       |     4 |     6 |    10 ||    20
   Stab: Sleeping          |       |       |       |     2 |       ||     2
         Distracted        |       |       |       |       |     1 ||     1
 Armour: Skin              |     6 |     1 |    21 |    38 |   105 ||   171
         Animal skin       |       |    10 |    41 |       |       ||    51
  Dodge: Dodged            |     1 |     4 |    34 |     9 |    46 ||    94
  Block: Buckler           |       |       |    19 |       |       ||    19
   Form: Flux              |       |     1 |       |       |       ||     1
         Beast             |       |       |     1 |       |       ||     1
         Dragon            |       |       |     1 |       |     2 ||     3
         Death             |       |       |       |       |     2 ||     2

Table legend: (Time is in decaauts)
 A = Elapsed time spent in this place.
 B = Non-inter-level travel time spent in this place.
 C = Inter-level travel time spent in this place.
 D = Time resting spent in this place.
 E = Time spent auto-exploring this place.
 F = Levels seen in this place.
 G = Mean time per level.
                   A        B        C        D        E       F      G
               +--------+--------+--------+--------+--------+-----+--------+
         Total |   2781 |   2654 |    127 |    597 |      0 |   1 | 2781.0 |
       Dungeon |   2781 |   2654 |    127 |    597 |      0 |   1 | 2781.0 |
               +--------+--------+--------+--------+--------+-----+--------+

Top non-repeatable levels by time:
       D: 2781 daAuts
